 Dungeon Crawl Stone Soup version 0.28.0 (webtiles) character file.

Game seed: 12276426413097748292

41 crazypyro the Skirmisher (level 3, 0/37 (39) HPs)
             Began as an Ogre Monk on Feb 4, 2022.
             Slain by Grinder (7 damage)
             ... while paralysed by Grinder
             ... on level 3 of the Dungeon.
             The game lasted 00:02:08 (2741 turns).

crazypyro the Skirmisher (Ogre Monk)                Turns: 2741, Time: 00:02:09

HP:   0/37 (39)     AC:  3    Str: 17    XL:     3   Next: 52%
MP:   3/3           EV:  1    Int: 11    God:
Gold: 98            SH:  0    Dex: 11    Spells: 2/2 levels left

rFire   . . .      SeeInvis .   j - +2 flail (drain)
rCold   . . .      Faith    .   (no shield)
rNeg    . . .      Spirit   .   b - +0 robe
rPois   .          Reflect  .   (helmet restricted)
rElec   .          Harm     .   (no cloak)
rCorr   .          Rampage  .   (gloves unavailable)
Will    .....                   (boots unavailable)
Stlth   ++........              (no amulet)
HPRegen 0.12/turn               (no ring)
MPRegen 0.08/turn               (no ring)

@: paralysed, drained
A: large, unfitting armour, tough skin 1
a: no special abilities


You were on level 3 of the Dungeon.
You visited 1 branch of the dungeon, and saw 3 of its levels.

You collected 98 gold pieces.

Inventory:

Hand Weapons
 a - a +0 mace
 j - a +2 flail of draining (weapon)
Armour
 b - a +0 robe (worn)
Magical Staves
 k - a staff of cold
Wands
 l - a wand of iceblast (5)
Scrolls
 d - a scroll of summoning {unknown}
 e - a scroll of identify {unknown}
 g - a scroll of vulnerability {unknown}
 h - a scroll of enchant weapon {unknown}
 m - a scroll of teleportation {unknown}
Potions
 c - 2 potions of curing {unknown}
 f - a potion of mutation {unknown}
 i - a potion of heal wounds {unknown}


   Skills:
 - Level 4.1 Fighting
 * Level 3.6 Maces & Flails
 + Level 3.1 Dodging
 - Level 1.4 Stealth


You had 2 spell levels left.
You didn't know any spells.
Your spell library contained the following spells:

 Spells                   Type           Power      Damage    Failure   Level
 Animate Skeleton         Necr           0%         N/A       34%         1
 Pain                     Necr           0%         1d4       34%         1
 Gell's Gravitas          Tloc           0%         N/A       71%         3
 Lesser Beckoning         Tloc           0%         N/A       71%         3
 Teleport Other           Tloc           0%         N/A       71%         3
 Vampiric Draining        Necr           0%         2d6       71%         3


Dungeon Overview and Level Annotations

Branches:
Dungeon (3/15)

Altars:
Okawaru
Sif Muna

Annotations:
D:3 Grinder


Innate Abilities, Weirdness & Mutations

You are too large for most types of armour.
You have tough skin. (AC +1)


Message History

No target in view!
No target in view!
A rat comes into view.
A rat is nearby!
Found a stone staircase leading down.
The rat bites you.
You thump the rat!
You kill the rat!
No target in view!
Grinder comes into view.
Grinder shouts!
Grinder is nearby!
Grinder gestures at you.
You barely resist. Grinder gestures at you.
You suddenly lose the ability to move!
Grinder gestures at you. Pain shoots through your body!
Grinder gestures at you. You resist with significant effort.
Grinder says, "You look like you could use a good racking."
Grinder gestures at you. Pain shoots through your body!
You can move again.
Unknown command.
Grinder hits you!
You writhe in agony.
* * * LOW HITPOINT WARNING * * *
You barely miss Grinder. Grinder completely misses you.
You closely miss Grinder. Grinder barely misses you.
You hit Grinder.
Grinder is lightly wounded.
Grinder hits you.
* * * LOW HITPOINT WARNING * * *
You writhe in agony.
* * * LOW HITPOINT WARNING * * *
You completely miss Grinder.
Grinder is lightly wounded.
Grinder gestures at you.
You suddenly lose the ability to move!
Grinder hits you!
You die...

####### #.....## ..
#####......#######...
#..........##........
#..........##........
#...........@5.....##
#..........##......#
.###....#####.##......#
..............[+..>...#
..##....######.#......#
#....######.#......#
#...........#......#
#####.####.........# .
#...# _


You could see Grinder.

Vanquished Creatures
  A dart slug (D:1)
  An orc (D:3)
  A ball python (D:2)
  5 endoplasms
  A giant cockroach (D:1)
  5 goblins
  4 hobgoblins
  2 quokkas (D:2)
  4 bats
  4 frilled lizards
  2 kobolds
  3 rats
33 creatures vanquished.

Notes
Turn   | Place    | Note
-------+----------+-------------------------------------------
     0 | D:1      | crazypyro the Ogre Monk began the quest for the Orb.
     0 | D:1      | Reached XP level 1. HP: 24/24 MP: 1/1
   518 | D:1      | Reached XP level 2. HP: 17/32 MP: 2/2
  1745 | D:2      | Found a shimmering blue altar of Sif Muna.
  1861 | D:2      | Reached XP level 3. HP: 38/39 MP: 3/3
  2615 | D:3      | Found an iron altar of Okawaru.
  2703 | D:3      | Found a faded altar of an unknown god.
  2726 | D:3      | Noticed Grinder
  2729 | D:3      | Paralysed by Grinder for 7 turns
  2740 | D:3      | Paralysed by Grinder for 2 turns
  2741 | D:3      | Slain by Grinder

Illustrated notes

Levels and vault maps discovered:
D:1:      psy_arrival_radial01, layout_basic, serial_glass, glass_columns_c,
          glass_columns_c, glass_columns_c
D:2:      layout_basic, basic_altar, kennysheep_path_1
D:3:      layout_basic, amcnicky_altar_gilded, basic_ecumenical_altar,
          minmay_misc_feat_pillars, nicolae_figureground_sparkle, uniq_grinder

Skill      XL: |  1  2 |
---------------+-------+-----
Maces & Flails | 3 |  3.6
Dodging        | 3 |  3.1
Fighting       | |  4.1
Stealth        | |  1.4

Action                   || total
-------------------------++-------
Melee: Mace              ||    81
       Punch             ||     2
       Flail             ||    13
 Stab: Sleeping          ||     5
Armor: Robe              ||    29
Dodge: Dodged            ||    46
